 Dungeon Crawl Stone Soup version 0.19.5 (webtiles) character file.

58 Gargoyl the Skirmisher (level 4, -1/40 HPs)
             Began as a Ghoul Abyssal Knight on Apr 12, 2017.
             Was a Follower of Lugonu.
             Slain by Crazy Yiuf
             ... wielding a +4 quarterstaff of chaos
              (2 damage)
             ... on level 2 of the Dungeon.
             The game lasted 00:04:25 (1351 turns).

Gargoyl the Skirmisher (Ghoul Abyssal Knight)       Turns: 1351, Time: 00:04:26

Health: -1/40      AC: 14    Str: 15    XL:     4   Next: 1%
Magic:  3/4        EV:  3    Int:  7    God:    Lugonu [*.....]
Gold:   69         SH:  3    Dex:  9    Spells: 0 memorised, 3 levels left

rFire  . . .     SeeInvis .     a - +1 hand axe
rCold  + . .     Gourm    .     o - +0 plate armour
rNeg   + + +     Faith    .     j - +0 buckler
rPois  ∞         Spirit   .     (no helmet)
rElec  .         Reflect  .     (no cloak)
rCorr  .         Harm     .     (no gloves)
MR     .....                    d - +2 pair of boots {Stlth+}
Stlth  ..........               f - amulet of regeneration
                                (no ring)
                                (no ring)

@: very slightly contaminated, rotting, hasted, very quick
A: rotting body, claws 1, carnivore 3, cold resistance 1, negative energy
resistance 3, slow regeneration 1, torment resistance, unbreathing
a: Depart the Abyss, Renounce Religion


You were on level 2 of the Dungeon.
You worshipped Lugonu.
Lugonu was aware of your devotion.
You were not hungry.

You visited 1 branch of the dungeon, and saw 2 of its levels.
You visited the Abyss 1 time.

You collected 69 gold pieces.

Inventory:

Hand Weapons
 a - a +1 hand axe (weapon)
Armour
 d - a +2 pair of boots of stealth (worn)
 j - a +0 buckler (worn)
 o - a +0 plate armour (worn)
Jewellery
 f - an amulet of regeneration (around neck)
 n - a +3 amulet of reflection {unknown}
Scrolls
 e - a scroll of remove curse
Potions
 b - a potion of lignification
 h - 3 potions of degeneration {unknown}
 i - a potion of cure mutation {unknown}
 m - 2 potions of might {unknown}
Comestibles
 c - 5 meat rations
 g - a slice of pizza
 l - 3 chunks of flesh


   Skills:
 + Level 3.8 Fighting
 + Level 2.1 Axes
 * Level 2.5 Armour
 + Level 1.3 Dodging
 + Level 0.3 Shields
 * Level 2.2 Invocations


You had 3 spell levels left.
You didn't know any spells.

Dungeon Overview and Level Annotations

Branches:
Dungeon (2/15)

Altars:
Dithmenos
Elyvilon
Zin
The Shining One

Annotations:
D:2 Crazy Yiuf


Innate Abilities, Weirdness & Mutations

Your body is rotting away.
You thrive on raw meat.
You are immune to poison.
You have sharp fingernails.
You are carnivorous and can eat meat at any time.
Your flesh is cold resistant. (rC+)
You are immune to negative energy. (rN+++)
You regenerate slowly when monsters are visible.
You are immune to unholy pain and torment.
You can survive without breathing.


Message History

Crazy Yiuf is heavily wounded.
Crazy Yiuf hits you but does no damage.
You hit Crazy Yiuf but do no damage.
Crazy Yiuf is heavily wounded.
Crazy Yiuf hits you but does no damage.
You feel yourself speed up.
You are very lightly contaminated with residual magic.
You hit Crazy Yiuf.
Crazy Yiuf is almost dead.
Crazy Yiuf hits you but does no damage.
You are electrocuted!
* * * LOW HITPOINT WARNING * * *
You hit Crazy Yiuf.
Crazy Yiuf is almost dead.
Crazy Yiuf hits you with a quarterstaff of chaos.
* * * LOW HITPOINT WARNING * * *
Crazy Yiuf freezes you.
* * * LOW HITPOINT WARNING * * *
Your plate armour prevents you from hitting Crazy Yiuf.
Crazy Yiuf is almost dead.
Crazy Yiuf hits you with a quarterstaff of chaos.
You die...

......### ......#
......# ......#
......# ####..#
##.##### ####
#..#..## ###..)#
#......####.@g).#
##.....)#))##...#
###...#)### ####
#######


You could see Crazy Yiuf.

Vanquished Creatures
  3 adders (D:2)
  2 leopard geckos (D:1)
  2 goblins (D:2)
  2 hobgoblins
  2 jackals (D:1)
  4 kobolds
  5 bats
  5 frilled lizards
  2 quokka zombies (D:1)
  6 rats
33 creatures vanquished.

Notes
Turn   | Place    | Note
-------+----------+-------------------------------------------
     0 | Abyss:1  | Gargoyl the Ghoul Abyssal Knight began the quest for the Orb.
     0 | Abyss:1  | Reached XP level 1. HP: 19/19 MP: 1/1
    12 | Abyss:2  | Identified a scroll of acquirement
    24 | Abyss:2  | Noticed an ice devil
    47 | Abyss:2  | Noticed a tentacled starspawn
    49 | Abyss:2  | Noticed a small abomination
    52 | D:1      | Escaped the Abyss
   197 | D:1      | Reached skill level 1 in Dodging
   260 | D:1      | Reached * piety under Lugonu
   260 | D:1      | Reached XP level 2. HP: 24/25 MP: 2/2
   938 | D:2      | Reached XP level 3. HP: 22/33 MP: 3/3
   971 | D:2      | Found a shadowy altar of Dithmenos.
  1087 | D:2      | Found a glowing silver altar of Zin.
  1094 | D:2      | Found a white marble altar of Elyvilon.
  1095 | D:2      | Found a glowing golden altar of the Shining One.
  1245 | D:2      | Reached XP level 4. HP: 40/40 MP: 4/4
  1332 | D:2      | Found a runed door.
  1336 | D:2      | Noticed Crazy Yiuf
  1350 | D:2      | HP: 2/40 [Crazy Yiuf/quarterstaff of chaos (3)]
  1351 | D:2      | Slain by Crazy Yiuf

Skill      XL: |  1  2 |
---------------+-------+-----
Dodging        | 1 |  1.3
Armour         | 2 |  2.5
Axes           | 2 |  2.1
Fighting       | |  3.8
Shields        | |  0.3
Invocations    | |  2.2

Action                   |  1- 3 |  4- 6 || total
-------------------------+-------+-------++-------
Melee: Hand axe          |   104 |    16 ||   120
Invok: Depart the Abyss  |     1 |       ||     1
  Use: Scroll            |     8 |       ||     8
 Stab: Sleeping          |     1 |       ||     1
  Eat: Chunk             |     9 |     1 ||    10
Armor: Leather armour    |    24 |       ||    24
       Chain mail        |    51 |       ||    51
       Plate armour      |     3 |     8 ||    11
Dodge: Dodged            |    53 |     2 ||    55
Block: Buckler           |    10 |     1 ||    11
